AoeStats
← Hector

Arena

508899241Analyzed
4v4 RM · 7d ago on Sep 24, 2026· 62m 18s· 8 players
Game mode
Random Map
Map size
Large (8 player)
Population
200
Speed
Normal
Resources
Standard
Victory
Conquest
Starting age
Dark Age
Ending age
Imperial Age
RankedLock teamsTeams togetherTeam positionsShared explorationLock speedFull tech treeHidden civsTurbo modeCheats
Victory
Defeat
🇲🇽 Khmer · Mexico
1448
+14
🇩🇪 Varangians · Germany
1413
+16
🇺🇦 Georgians · Ukraine
1351
+18
🇺🇸 Saracens · United States
1325
+20
🇹🇼 Sicilians · Taiwan
1445
-18
🇨🇳 Britons · China
1405
-17
🇦🇹 Danes · Austria
1397
-17
🇩🇪 Varangians · Germany
1375
-16
逸丶然
10:10 Feudal Age
13:41 Castle Age
11:54 Double-Bit Axe
12:16 Horse Collar
15:40 Town Watch
21:08 Wheelbarrow
21:42 Bow Saw
22:08 Heavy Plow
22:58 Gold Mining
22:59 Stone Mining
23:36 Hand Cart
25:18 Loom
28:30 Imperial Age
26:44 Yeomen
26:15 Fletching
27:25 Bodkin Arrow
27:56 Ballistics
27:32 Murder Holes
27:43 Treadmill Crane
29:10 Gold Shaft Mining
29:54 Conscription
29:50 Bracer
30:02 Forging
29:57 Padded Archer Armor
30:59 Chemistry
31:18 Elite Longbowman
32:49 Sappers
34:00 Leather Archer Armor
34:15 Siege Engineers
33:35 Onager
34:36 Crossbowman
35:49 Ring Archer Armor
35:48 Fortified Wall
35:49 Masonry
35:04 Arbalester
59:59 Elite Skirmisher
Szorinx
10:30 Feudal Age
14:31 Castle Age
13:07 Horse Collar
13:36 Double-Bit Axe
21:26 Wheelbarrow
23:52 Arson
24:23 Forging
24:30 Bow Saw
26:32 Gold Mining
26:32 Stone Mining
27:41 Hand Cart
27:17 Loom
30:13 Imperial Age
28:53 Iron Casting
28:23 Scale Barding Armor
28:33 Squires
28:35 Scale Mail Armor
29:16 Stone Shaft Mining
30:10 Town Watch
30:38 Elite Jarl
31:39 Conscription
31:41 Chain Barding Armor
32:21 Blast Furnace
31:37 Bloodlines
31:27 Husbandry
31:22 Elite Varangian Guard
32:31 Chain Mail Armor
32:03 Gambesons
35:35 Plate Mail Armor
35:40 Plate Barding Armor
35:37 Pikeman
36:32 Halberdier
38:26 Fletching
42:00 Ballistics
42:45 Chemistry
41:56 Masonry
41:43 Bodkin Arrow
42:51 Light Cavalry
43:46 Bracer
43:48 Herbal Medicine
46:21 Hussar
53:05 Capped Ram
56:00 Siege Ram
Hector
11:14 Feudal Age
12:50 Horse Collar
12:56 Double-Bit Axe
15:14 Castle Age
16:15 Bow Saw
16:05 Heavy Plow
16:37 Loom
25:57 Wheelbarrow
26:43 Stone Mining
26:58 Town Watch
31:37 Imperial Age
29:22 Hand Cart
29:10 Scale Mail Armor
29:20 Forging
30:54 Chain Mail Armor
32:17 Iron Casting
32:00 Squires
31:45 Arson
31:37 Onager
32:46 Siege Engineers
33:19 Conscription
33:30 Pikeman
33:31 Elite Varangian Guard
34:54 Plate Mail Armor
35:25 Blast Furnace
34:20 Halberdier
36:46 Blast Furnace
36:21 Masonry
37:06 Fletching
37:38 Ballistics
40:06 Capped Ram
41:02 Gold Mining
41:48 Stone Shaft Mining
41:16 Bodkin Arrow
41:34 Careening
42:07 Conscription
41:08 Hamask
44:03 Chemistry
43:04 Bracer
43:10 Northmen's Fury
44:58 Coinage
45:17 Caravan
47:15 Siege Onager
51:13 Hoardings
51:55 Murder Holes
56:54 Banking
chengyenfa
5:44 Loom
8:28 Feudal Age
9:01 Double-Bit Axe
9:28 Town Watch
10:22 Horse Collar
14:21 Fletching
22:41 Castle Age
20:57 Gold Mining
20:57 Stone Mining
22:21 Wheelbarrow
22:50 Forging
23:44 Bow Saw
23:36 Heavy Plow
25:43 Wheelbarrow
28:12 Hand Cart
31:37 Gold Shaft Mining
34:56 Imperial Age
33:02 Scale Barding Armor
33:33 Iron Casting
34:10 Chain Barding Armor
34:02 Bloodlines
33:53 Husbandry
35:01 Masonry
35:52 Hauberk
35:35 Cavalier
36:57 Plate Barding Armor
37:28 Hoardings
37:17 Conscription
38:46 Blast Furnace
39:29 Stone Shaft Mining
39:19 Ballistics
40:00 Chemistry
38:57 Bodkin Arrow
40:52 Light Cavalry
41:52 Scale Mail Armor
41:53 Bracer
42:01 Siege Engineers
41:42 Arrowslits
42:28 Caravan
43:17 Chain Mail Armor
42:49 Arson
43:05 Squires
43:43 Pikeman
44:58 First Crusade
45:28 Plate Mail Armor
45:33 Murder Holes
47:50 Elite Serjeant
55:00 Padded Archer Armor
55:11 Elite Skirmisher
56:34 Leather Archer Armor
LYR92426
10:59 Feudal Age
15:04 Castle Age
13:14 Double-Bit Axe
13:29 Horse Collar
15:44 Wheelbarrow
16:08 Bow Saw
17:15 Loom
20:30 Hand Cart
23:07 Stone Mining
23:31 Heavy Plow
23:37 Gold Mining
25:05 Town Watch
25:51 Scale Barding Armor
30:10 Imperial Age
28:21 Gold Shaft Mining
28:41 Chain Barding Armor
29:12 Forging
29:05 Husbandry
29:16 Bloodlines
29:20 Thumb Ring
29:06 Light Cavalry
31:19 Iron Casting
31:25 Conscription
31:51 Plate Barding Armor
32:18 Chemistry
31:38 Elite Mameluke
32:47 Hussar
35:01 Blast Furnace
33:52 Fletching
34:05 Padded Archer Armor
35:30 Elite Skirmisher
36:36 Parthian Tactics
35:34 Elite Skirmisher
36:32 Bimaristan
37:36 Hoardings
40:45 Ballistics
40:36 Fortified Wall
40:24 Bodkin Arrow
40:44 Leather Archer Armor
48:18 Caravan
48:23 Bracer
48:54 Ring Archer Armor
49:43 Two-Man Saw
49:47 Masonry
54:37 Capped Ram
thefacelessz12
11:03 Feudal Age
12:29 Loom
15:09 Castle Age
13:29 Double-Bit Axe
17:42 Horse Collar
23:10 Town Watch
28:36 Imperial Age
26:58 Gold Mining
27:19 Bow Saw
29:15 Wheelbarrow
28:43 Heavy Plow
28:43 Capped Ram
29:54 Heavy Scorpion
30:36 Siege Ram
31:48 Double Crossbow
32:45 Siege Engineers
33:38 Ballistics
38:28 Light Cavalry
39:19 Bloodlines
39:44 Husbandry
40:07 Scale Barding Armor
40:13 Forging
39:36 Hussar
43:11 Coinage
46:45 Conscription
47:15 Iron Casting
47:00 Chain Barding Armor
48:02 Chemistry
55:55 Caravan
62:12 Plate Barding Armor
63:28 Blast Furnace
エメリン
10:33 Feudal Age
12:01 Double-Bit Axe
14:36 Castle Age
12:24 Horse Collar
14:15 Town Watch
15:50 Bow Saw
15:48 Heavy Plow
17:41 Loom
25:27 Gold Mining
26:07 Stone Mining
30:00 Imperial Age
27:41 Fletching
28:42 Forging
28:59 Scale Barding Armor
28:49 Bodkin Arrow
30:14 Wheelbarrow
31:08 Iron Casting
30:54 Chain Barding Armor
32:10 Bloodlines
32:00 Husbandry
32:33 Fortified Wall
32:43 Ballistics
33:26 Blast Furnace
32:26 Bracer
33:09 Conscription
32:49 Elite Monaspa
33:38 Elite Monaspa
36:14 Stone Shaft Mining
36:06 Conscription
37:25 Plate Barding Armor
37:23 Scale Mail Armor
37:24 Padded Archer Armor
37:08 Light Cavalry
38:35 Hand Cart
39:44 Chemistry
40:02 Pikeman
40:43 Squires
40:59 Chain Mail Armor
40:47 Town Patrol
41:03 Hand Cart
43:32 Plate Mail Armor
43:21 Halberdier
44:47 Arson
48:03 Leather Archer Armor
50:00 Elite Skirmisher
51:09 Murder Holes
53:39 Crop Rotation
60:26 Guilds
Sir Hans Capon
8:23 Loom
10:09 Feudal Age
15:06 Castle Age
15:44 Double-Bit Axe
34:09 Wheelbarrow
36:31 Hand Cart
36:32 Bow Saw
36:54 Hand Cart
37:02 Gold Mining
39:46 Squires
40:08 Scale Mail Armor
40:18 Forging
41:12 Chain Mail Armor
44:01 Imperial Age
42:18 Iron Casting
41:46 Gambesons
44:12 Elite Varangian Guard
45:03 Scale Barding Armor
45:31 Plate Mail Armor
46:02 Blast Furnace
44:49 Arson
45:03 Horse Collar
46:25 Two-Man Saw
46:13 Caravan
47:02 Guilds
46:35 Capped Ram
47:47 Man-at-Arms
50:22 Siege Ram
54:46 Fletching
55:07 Siege Engineers
54:44 Treadmill Crane
56:38 Heavy Plow
56:32 Stone Mining
58:26 Bodkin Arrow
58:40 Scale Barding Armor
59:42 Bloodlines
59:32 Husbandry
58:53 Light Cavalry
58:54 Cavalier
59:59 Chain Barding Armor
62:22 Plate Barding Armor
61:38 Vendel Legacy
Connection lost

Rejoining the realm…

Still unreachable

The connection could not be restored.

Session expired

The server has moved on; the page needs a fresh start.